 Seeded DCSS version 0.30-a0-715-gdb4ae3e (webtiles) character file.

Game seed: 4834285304442767124 (custom seed)

458 malesh the Cudgeller (level 6, 0/49 HPs)
             Began as a Demonspawn Gladiator on Jan 23, 2023.
             Slain by an orc warrior
             ... wielding a +0 scimitar
              (15 damage)
             ... on level 6 of the Dungeon.
             The game lasted 00:16:43 (3235 turns).

malesh the Cudgeller (Demonspawn Gladiator)         Turns: 3235, Time: 00:16:43

Health: 0/49       AC:  8    Str: 17    XL:     6   Next: 77%
Magic:  6/6        EV: 17    Int:  9    God:
Gold:   160        SH:  0    Dex: 14    Spells: 5/5 levels left

rFire   . . .      SeeInvis .    a - +0 flail
rCold   . . .      Faith    .    (no shield)
rNeg    . . .      Spirit   .    b - +0 leather armour
rPois   .          Reflect  .    r - +1 helmet
rElec   .          Harm     .    w - +0 cloak
rCorr   .          Rampage  .    (no gloves)
Will    .....                    (no boots)
Stlth   +                        (no amulet)
HPRegen 0.28/turn                i - +5 ring of evasion
MPRegen 0.10/turn                (no ring)

@: mighty
A: rugged brown scales 2, ignite blood 1
a: no special abilities


You were on level 6 of the Dungeon.
You visited 1 branch of the dungeon, and saw 4 of its levels.

You collected 160 gold pieces.

Inventory:

Hand Weapons
 a - a +0 flail (weapon)
 o - a +2 whip of draining
Missiles
 e - a javelin
 f - 4 poisoned darts (quivered)
 u - 6 datura-tipped darts
Armour
 b - a +0 leather armour (worn)
 r - a +1 helmet (worn)
 w - a +0 cloak (worn)
Jewellery
 i - a +5 ring of evasion (left hand)
Wands
 q - a wand of flame (42)
Scrolls
 l - a scroll of noise
 p - a scroll of identify
Potions
 c - a potion of mutation {unknown}
 g - a potion of magic {unknown}
 h - a potion of might
 k - a potion of haste {unknown}
 m - a potion of flight {unknown}
 s - a potion of heal wounds
 v - a potion of curing {unknown}


   Skills:
 + Level 3.0 Fighting
 + Level 5.4 Maces & Flails
 + Level 2.7 Throwing
 + Level 1.6 Armour
 + Level 3.5 Dodging
 + Level 0.8 Stealth


You had 5 spell levels left.
You didn't know any spells.
Your spell library was empty.

Dungeon Overview and Level Annotations

Branches:
Dungeon (6/15)
 Temple: D:4-7

Altars:
Cheibriados
Trog

Shops:
D:2 (   D:6 *

Annotations:
D:6 exclusion: electric eel


Innate Abilities, Weirdness & Mutations

You are mostly covered in rugged brown scales. (AC +2, +5% HP)
Your demonic aura sometimes causes spilled blood to erupt in flames.


Message History

There is an open door here.
You open the door.
There is an open door here.
You open the door.
An orc warrior, an orc wizard and 2 orcs come into view.
An orc is wielding a +0 short sword of venom.
An orc is wielding a +0 flail of holy wrath.
The orc warrior shouts!
The orc wizard shouts!
The orc shouts!
The orc wizard casts a spell at you.
The magic dart hits you but does no damage.
There is an open door here.
Read: scroll of torment
Press: ? - help, Dir - look around, f - activate Look: an orc warrior, wielding a +0 scimitar and wearing a +0 plate armour (susceptible)
As you read the scroll of torment, it crumbles to dust.
Your body is wracked with pain!
The orc warrior convulses!
The orc convulses!
The orc shouts!
The orc wizard convulses!
The orc convulses!
The orc wizard casts a spell at you. The magic dart hits you.
You barely miss the orc warrior.
The orc warrior is heavily wounded.
The orc warrior hits you with a +0 scimitar.
You hit the orc warrior.
The orc warrior is heavily wounded.
The orc warrior attacks as you move away!
The orc warrior closely misses you.
There is an open door here.
You hit the orc warrior.
The orc warrior is heavily wounded.
You hit the orc warrior.
The orc warrior is severely wounded.
The orc wizard mumbles some strange words.
The orc wizard flickers and vanishes!
The orc warrior hits you with a +0 scimitar!
You hit the orc warrior.
The orc warrior is severely wounded.
The orc warrior attacks as you move away!
The orc warrior hits you with a +0 scimitar!
You die...

+.......#. #)###...
#...o.o... #.# #...
#.......# #.# #...
#.......# #.# #...
#.......# #.#####.
#'############.....#.
#o{o##.......#.##.###
###'##.......#.#...#.
#.o@'..<....#...∩...
#...#..†....#.#...#.
#...#.......####.###
###...............#
#..#####.........#
#.## #.........# #.
#.........## #.
###+###..... #.....


You could see an orc warrior and 2 orcs.

Vanquished Creatures
  A water moccasin (D:6)
  An ogre (D:6)
  A necrophage (D:6)
  A hound (D:6)
  An iguana (D:6)
  An orc wizard (D:6)
  3 adders
  A white imp (D:6)
  2 worms
  4 dart slugs
  2 orcs
  4 ball pythons
  6 bats
  7 endoplasms
  4 giant cockroaches
  6 goblins
  8 hobgoblins
  6 kobolds
  4 quokkas
  7 frilled lizards
  8 rats
78 creatures vanquished.

Vanquished Creatures (others)
  14 plants (D:6)
14 creatures vanquished.

Grand Total: 92 creatures vanquished

Notes
Turn   | Place    | Note
-------+----------+-------------------------------------------
     0 | D:1      | malesh the Demonspawn Gladiator began the quest for the
                  | Orb.
     0 | D:1      | Reached XP level 1. HP: 16/16 MP: 1/1
   182 | D:1      | Reached skill level 3 in Maces & Flails
   277 | D:1      | Gained mutation: You are partially covered in rugged brown
                  | scales. (AC +1, +3% HP) [demonic ancestry]
   277 | D:1      | Reached XP level 2. HP: 16/22 MP: 2/2
   317 | D:1      | Found a faded altar of an unknown god.
   593 | D:1      | Gained mutation: You are mostly covered in rugged brown
                  | scales. (AC +2, +5% HP) [demonic ancestry]
   593 | D:1      | Reached XP level 3. HP: 22/28 MP: 3/3
  1430 | D:2      | Reached skill level 4 in Maces & Flails
  1537 | D:2      | Found Xuoqon's Weapon Emporium.
  1539 | D:2      | Reached XP level 4. HP: 34/34 MP: 4/4
  2148 | D:3      | Found a bloodstained altar of Trog.
  2367 | D:3      | Found a snail-covered altar of Cheibriados.
  2630 | D:3      | You fall into a shaft and drop 3 floors!
  2645 | D:6      | Reached skill level 1 in Armour
  2653 | D:6      | Reached XP level 5. HP: 36/40 MP: 5/5
  2676 | D:6      | Found Nayh Lung's Gadget Gallery.
  2992 | D:6      | Noticed an ogre
  3183 | D:6      | Killed an ogre
  3184 | D:6      | Reached skill level 5 in Maces & Flails
  3184 | D:6      | Gained mutation: Your demonic aura sometimes causes spilled
                  | blood to erupt in flames. [demonic ancestry]
  3184 | D:6      | Reached XP level 6. HP: 48/48 MP: 6/6
  3195 | D:6      | Noticed a water moccasin
  3202 | D:6      | Killed a water moccasin
  3225 | D:6      | Noticed an orc warrior
  3235 | D:6      | Slain by an orc warrior

Illustrated notes

Levels and vault maps discovered:
D:1:      psy_arrival_basics, layout_loops_ring,
          hellmonk_ecumenical_altar_crossroads
D:2:      layout_basic, serial_shops, shop
D:3:      layout_loops_corners, trog_book, slow_altar_1, saegor_snake_ambush
D:6:      layout_basic, temple_fountains, serial_bayou_ford_a,
          hellmonk_bongcloud_opening, hangedman_abyss_or_decor_stagger,
          nicolae_shop_gadgets

Skill      XL: |  1  2  3  4  5  6 |
---------------+-------------------+-----
Maces & Flails | 3 4 5 |  5.4
Dodging        | 3 |  3.5
Armour         | 1 |  1.6
Throwing       | 2 |  2.7
Fighting       | 3 |  3.0
Stealth        | |  0.8

Action                     |  1- 3 |  4- 6 || total
---------------------------+-------+-------++-------
  Melee: Flail             |   129 |   124 ||   253
         Punch             |     1 |       ||     1
  Throw: Dart              |     7 |    17 ||    24
         Throwing net      |       |     4 ||     4
    Use: Scroll            |     2 |     8 ||    10
         Potion            |       |     2 ||     2
   Stab: Sleeping          |     1 |       ||     1
 Armour: Leather armour    |    42 |    33 ||    75
  Dodge: Dodged            |    96 |    93 ||   189

Table legend: (Time is in decaauts)
 A = Elapsed time spent in this place.
 B = Non-inter-level travel time spent in this place.
 C = Inter-level travel time spent in this place.
 D = Time resting spent in this place.
 E = Time spent auto-exploring this place.
 F = Levels seen in this place.
 G = Mean time per level.
                   A        B        C        D        E       F      G
               +--------+--------+--------+--------+--------+-----+--------+
         Total |   3283 |   3124 |    159 |    188 |   2014 |   4 |  820.8 |
       Dungeon |   3283 |   3124 |    159 |    188 |   2014 |   4 |  820.8 |
               +--------+--------+--------+--------+--------+-----+--------+

Top non-repeatable levels by time:
     D:1: 997 daAuts
     D:2: 927 daAuts
     D:3: 747 daAuts
     D:6: 610 daAuts
